 Dungeon Crawl Stone Soup version 0.18.1-48-g4cf74bf (webtiles) character file.

39928 SadnessIsRebellion the Cleaver (level 14, -22/92 HPs)
             Began as a Gargoyle Fighter on June 29, 2016.
             Was an Elder of Ru.
             Killed from afar by an ice dragon (53 damage)
             ... with a blast of cold
             ... on level 15 of the Dungeon.
             The game lasted 00:34:46 (15078 turns).

SadnessIsRebellion the Cleaver (Gargoyle Fighter)  Turns: 15078, Time: 00:34:47

Health: -22/92     AC: 33    Str: 25    XL:     14   Next: 8%
Magic:  12/12      EV:  8    Int:  9    God:    Ru [****..]
Gold:   679        SH: 13    Dex:  9    Spells: 0 memorised, 13 levels left

rFire  . . .     SeeInvis .     R - +2 broad axe (chop)
rCold  . . .     Gourm    .     w - +1 chain mail "Muddich" {Slay+3}
rNeg   + . .     Faith    .     m - +0 shield
rPois  ∞         Spirit   .     r - +0 helmet
rElec  +         Dismiss  .     n - +0 cloak
rCorr  .         Reflect  .     U - +0 pair of gloves
SustAt .         Harm     .     a - +0 pair of boots
MR     +....     Clarity  +     (no amulet)
Stlth  ..........               N - +6 ring of slaying
                                u - +6 ring of protection

@: flying, somewhat resistant to hostile enchantments, extremely unstealthy
A: big wings, clarity, deterioration 1, low mp 1, negative energy resistance 1,
screaming 1, electricity resistance, unbreathing, petrification resistance, rot
immunity, hated by all, inability to train dodging, no fire magic, no
translocations magic, no transmutations magic, disrupted magic 1, AC +9
a: Stop Flying, Draw Out Power, Power Leap, Renounce Religion


You were on level 15 of the Dungeon.
You worshipped Ru.
Ru was greatly pleased with you.
You were not hungry.

You visited 2 branches of the dungeon, and saw 16 of its levels.

You collected 775 gold pieces.
You spent 96 gold pieces at shops.

Inventory:

Hand Weapons
 x - a +3 battleaxe
 R - a +2 broad axe of chopping (weapon)
Armour
 a - a +0 pair of boots (worn)
 m - a +0 shield (worn)
 n - a +0 cloak (worn)
 p - a quicksilver dragon armour
 r - a +0 helmet (worn)
 w - the +1 chain mail "Muddich" (worn) {Slay+3}
   (You found it on level 11 of the Dungeon)

   It affects your accuracy and damage with ranged weapons and melee attacks
   (+3).
 T - a cursed +0 shield
 U - a +0 pair of gloves (worn)
Jewellery
 q - an uncursed ring of positive energy
 t - an uncursed ring of magical power
 u - a +6 ring of protection (left hand)
 y - a +2 ring of strength
 G - a +6 ring of evasion
 J - an uncursed ring of magical power
 K - a cursed ring of teleportation
 N - a +6 ring of slaying (right hand)
 O - the cursed ring "Faorhey" {rC+ Str-6}
   (You found it on level 7 of the Dungeon)

   [ring of strength]

   It affects your strength (-6).
   It protects you from cold.
   It has a curse placed upon it.
 Q - an uncursed ring of wizardry {unknown}
 S - the ring of Vehumet's Pride {SustAt Int+4 Slay+3}
   (You found it on level 14 of the Dungeon)

   [ring of sustain attributes]

   It sustains your strength, intelligence and dexterity.
   It affects your intelligence (+4).
   It affects your accuracy and damage with ranged weapons and melee attacks
   (+3).
Wands
 b - a wand of digging (1/24)
 e - a wand of digging (4/24)
 o - a wand of digging (11/24)
 z - a wand of iceblast (0/15)
 E - a wand of flame (30/48)
 X - a wand of lightning (8/15)
Scrolls
 h - a scroll of fog
 k - 4 scrolls of teleportation
 s - 3 scrolls of fear
 v - 4 scrolls of amnesia
 B - 2 scrolls of magic mapping
 D - 2 scrolls of recharging
 L - 3 scrolls of enchant armour
 W - 2 scrolls of identify
Potions
 c - 2 potions of berserk rage
 d - 5 potions of might
 j - 2 potions of brilliance
 F - 5 potions of curing
 I - 2 potions of flight
 P - a potion of ambrosia
Books
 A - a book of the Warp

   Spells                             Type                      Level
   a - Recall                         Summoning/Translocation      3
   b - Gell's Gravitas                Hexes/Translocation          3
   c - Force Lance                    Conjuration/Translocation    4
   d - Warp Weapon                    Charms/Translocation         5
   e - Summon Forest                  Summoning/Translocation      5
 M - a book of Unlife

   Spells                             Type                      Level
   a - Recall                         Summoning/Translocation      3
   b - Animate Dead                   Necromancy                   4
   c - Control Undead                 Necromancy                   4
   d - Cigotuvi's Embrace             Necromancy                   5
   e - Death Channel                  Necromancy                   6
   f - Simulacrum                     Ice/Necromancy               6
 V - a book of Cantrips

   Spells                             Type                      Level
   a - Corona                         Hexes                        1
   b - Animate Skeleton               Necromancy                   1
   c - Summon Small Mammal            Summoning                    1
   d - Apportation                    Translocation                1
Comestibles
 f - 7 bread rations
 g - 9 fruits
 i - 6 royal jellies
 l - 2 slices of pizza
 C - 3 meat rations
 H - 2 beef jerkies


   Skills:
 + Level 12.2 Fighting
 + Level 12.6 Axes
 + Level 8.5 Armour
 + Level 2.4 Stealth
 + Level 12.0 Shields
 + Level 0.3 Evocations


You had 13 spell levels left.
You didn't know any spells.

Dungeon Overview and Level Annotations

Branches:
Dungeon (15/15)            Temple (1/1) D:5            Lair (0/8) D:10
    Orc (0/2) D:12         Vaults (0/5) D:13
 Depths: D:15

Altars:
Ashenzari
Cheibriados
Dithmenos
Elyvilon
Fedhas
Gozag
Kikubaaqudgha
Makhleb
Nemelex Xobeh
Okawaru
Pakellas
Qazlal
Ru
Sif Muna
Trog
Vehumet
Xom
Yredelemnul
Zin
The Shining One

Shops:
D:9 (   D:14 %

Portals:
Trove: D:10 (give +3 fire dragon armour)

Annotations:
D:2 1 exclusion


Innate Abilities, Weirdness & Mutations

You are resistant to torment.
Your stone body is resilient (AC +9).
You are immune to poison.
Your large and strong wings let you fly indefinitely.
Your magical capacity is low (-10% MP).
You resist negative energy.
You are resistant to electric shocks.
You can survive without breathing.
You are immune to petrification.
You are immune to rotting.
You are hated by all.
You cannot train Dodging skill.
You cannot study or cast Fire magic.
You cannot study or cast Translocations magic.
You cannot study or cast Transmutations magic.
Your casting is slightly disrupted.
You possess an exceptional clarity of mind.
Your body sometimes deteriorates upon taking damage.
You occasionally shout uncontrollably at your foes.


Message History

You block the fire dragon's attack.
The fire dragon tramples you but does no damage.
You slash the fire dragon!
The fire dragon is almost dead.
You barely miss the ice dragon.
The ice dragon is lightly wounded.
The ice dragon bites you but does no damage.
The ice dragon claws you but does no damage.
The ice dragon tramples you but does no damage.
The fire dragon breathes flames at you. The blast of flame hits you!
You barely miss the fire dragon.
The fire dragon is almost dead.
You closely miss the ice dragon.
The ice dragon is lightly wounded.
The fire dragon begins to attack, but is stunned by your will!
The ice dragon breathes frost at you. The blast of cold hits you!
Ouch! That really hurt!
You die...

##########################
..........................
..........................
....................<.....
..........................
..#......########.........
##..8.###.$$$$##........
##...##D......##.......
##...@D# #.......
#####.......##.......
#.$)$$##........ #..
######......... #[.# ######....
#..# #.### #..# #.# #..# #.#
#..##########################.#


You could see a fire dragon and an ice dragon.

Vanquished Creatures
  Maud (D:11)
  A salamander stormcaller (D:14)
  4 vault guards (D:13)
  A hydra (D:13)
  4 centaur warriors
  Nergalle (D:12)
  2 unseen horrors
  4 hill giants
  2 deep elf magi
  12 ugly things
  3 cyclopes
  A manticore (D:13)
  Joseph (D:7)
  3 centaur skeletons
  4 gargoyles
  3 kobold demonologists
  An efreet (D:15)
  A freezing wraith (D:14)
  A troll (D:12)
  3 two-headed ogres
  14 slime creatures
  A shadow (D:13)
  A water elemental (D:12)
  2 wyverns (D:12)
  Grum (D:11)
  Eustachio (D:6)
  35 yaks
  2 hippogriffs
  A mottled dragon (D:13)
  3 hungry ghosts
  A soldier ant (D:13)
  A water moccasin (D:7)
  Duvessa (D:6)
  2 ice beasts
  2 phantoms
  5 orc warriors
  6 sky beasts
  A wasp (D:10)
  An eye of draining (D:14)
  A black bear (D:11)
  7 ogres
  4 wolves (D:11)
  9 centaurs
  7 big kobolds
  A gnoll sergeant (D:8)
  6 giant frogs
  A wyvern zombie (D:8)
  Dowan (D:6)
  A scorpion (D:7)
  A wyvern skeleton (D:14)
  A water moccasin skeleton (D:7)
  5 killer bees (D:10)
  13 wights
  5 spriggan skeletons (D:9)
  An electric eel (D:12)
  2 howler monkeys (D:11)
  8 crimson imps
  2 giant frog skeletons
  6 hounds
  A quasit (D:10)
  2 centaur zombies
  8 orc priests
  3 jellies
  12 orc wizards
  2 iguanas
  11 worker ants
  A killer bee zombie (D:6)
  2 sheep (D:12)
  A hound zombie (D:6)
  A hound skeleton (D:4)
  Robin (D:2)
  4 gnolls (D:8)
  10 adders
  4 shadow imps
  An ooze (D:4)
  A worm (D:3)
  A dart slug (D:1)
  7 giant geckos
  47 orcs
  2 giant cockroaches
  17 goblins
  15 hobgoblins
  11 jackals
  28 kobolds
  7 quokkas
  A ball python (D:1)
  8 bats
  5 giant newts
  A jackal zombie (D:7)
  4 quokka skeletons
  A rat (D:2)
436 creatures vanquished.

Vanquished Creatures (others)
  A yak (D:11)
  A wasp (D:9)
  A human (D:2)
  An orc (D:15)
4 creatures vanquished.

Grand Total: 440 creatures vanquished

Notes
Turn   | Place    | Note
--------------------------------------------------------------
     0 | D:1      | SadnessIsRebellion the Gargoyle Fighter began the quest for the Orb.
     0 | D:1      | Reached XP level 1. HP: 14/14 MP: 1/1
   161 | D:1      | Reached XP level 2. HP: 14/19 MP: 2/2
   787 | D:1      | Reached XP level 3. HP: 24/24 MP: 3/3
   853 | D:2      | Found an ancient bone altar of Kikubaaqudgha.
   854 | D:2      | Noticed Robin
   856 | D:2      | Noticed a human
   858 | D:2      | Killed a human
   881 | D:2      | Killed Robin
  1216 | D:2      | Reached XP level 4. HP: 27/29 MP: 4/4
  1344 | D:2      | Found an opulent altar of Gozag.
  1491 | D:2      | Found an oddly glowing altar of Pakellas.
  1930 | D:3      | Noticed a centaur
  1949 | D:3      | Killed a centaur
  1949 | D:3      | Reached skill level 1 in Dodging
  1949 | D:3      | Reached XP level 5. HP: 24/33 MP: 5/5
  2357 | D:4      | Reached skill level 5 in Shields
  2402 | D:4      | Reached XP level 6. HP: 37/38 MP: 6/6
  2473 | D:4      | Found a glowing golden altar of the Shining One.
  2630 | D:4      | Found a sparkling altar of Nemelex Xobeh.
  2948 | D:5      | Entered Level 5 of the Dungeon
  3075 | D:5      | Found a white marble altar of Elyvilon.
  3076 | D:5      | Found a blossoming altar of Fedhas.
  3103 | D:5      | Found a staircase to the Ecumenical Temple.
  3285 | D:5      | Found a stormy altar of Qazlal.
  3308 | D:5      | Reached XP level 7. HP: 37/43 MP: 7/7
  3785 | Temple   | Entered the Ecumenical Temple
  3864 | Temple   | Became a worshipper of Ru the Awakened
  4277 | D:6      | Found a shattered altar of Ashenzari.
  4301 | D:6      | Noticed Dowan
  4308 | D:6      | Noticed Duvessa
  4315 | D:6      | Killed Duvessa
  4326 | D:6      | Killed Dowan
  4358 | D:6      | Found a basalt altar of Yredelemnul.
  4494 | D:6      | Reached XP level 8. HP: 42/48 MP: 8/8
  4668 | D:6      | Noticed Eustachio
  4738 | D:6      | Killed Eustachio
  5247 | D:8      | Reached skill level 1 in Stealth
  5268 | D:8      | Reached skill level 5 in Armour
  5581 | D:8      | Gained mutation: You cannot study or cast Fire magic. [Ru sacrifice]
  5581 | D:8      | Gained mutation: You cannot study or cast Transmutations magic. [Ru sacrifice]
  5581 | D:8      | Gained mutation: You cannot study or cast Translocations magic. [Ru sacrifice]
  5581 | D:8      | Reached * piety under Ru
  5699 | D:8      | Reached skill level 5 in Dodging
  5767 | D:8      | Reached skill level 5 in Fighting
  5767 | D:8      | Reached XP level 9. HP: 48/54 MP: 9/9
  5858 | D:8      | Found a radiant altar of Vehumet.
  6156 | D:8      | Reached skill level 5 in Axes
  6808 | D:7      | Noticed Joseph
  6831 | D:7      | Killed Joseph
  7014 | D:7      | Got a slimy wooden ring
  7168 | D:8      | Reached XP level 10. HP: 53/60 MP: 10/10
  7399 | D:9      | Killed an unseen horror
  7725 | D:9      | Gained mutation: You are hated by all. [Ru sacrifice]
  7725 | D:9      | Reached ** piety under Ru
  8187 | D:9      | Found Pumyillo's Weapon Boutique.
  8195 | D:9      | Bought a +0 broad axe of chopping for 96 gold pieces
  8568 | D:10     | Entered Level 10 of the Dungeon
  8569 | D:10     | Gained mutation: You possess an exceptional clarity of mind. [potion of mutation]
  8569 | D:10     | Gained mutation: You occasionally shout uncontrollably at your foes. [potion of mutation]
  8569 | D:10     | Gained mutation: Your body sometimes deteriorates upon taking damage. [potion of mutation]
  8580 | D:10     | Found a staircase to the Lair.
  8719 | D:10     | Noticed a centaur warrior
  8737 | D:10     | Killed a centaur warrior
  8794 | D:10     | Reached XP level 11. HP: 67/67 MP: 11/11
  8929 | D:10     | Found a portal to a secret trove of treasure.
  8958 | D:10     | You fall through a shaft!
  9009 | D:11     | Gained mutation: Your magical capacity is low (-10% MP). [Ru sacrifice]
  9263 | D:11     | Got a translucent chain mail
  9264 | D:11     | Identified the +1 chain mail "Muddich" {Slay+3} (You found it on level 11 of the Dungeon)
  9276 | D:11     | Identified the cursed ring "Faorhey" {rC+ Str-6} (You found it on level 7 of the Dungeon)
  9350 | D:11     | Noticed Maud
  9366 | D:11     | Killed Maud
  9781 | D:11     | Noticed Grum
  9823 | D:11     | Killed Grum
 10463 | D:11     | Reached skill level 10 in Shields
 10475 | D:11     | Reached XP level 12. HP: 76/76 MP: 10/10
 10826 | D:12     | Noticed Nergalle
 10850 | D:12     | Killed Nergalle
 11290 | D:12     | Reached skill level 10 in Axes
 11296 | D:12     | Found a staircase to the Orcish Mines.
 11367 | D:12     | Found a shimmering altar of Xom.
 11369 | D:12     | Found a shimmering altar of Xom.
 11369 | D:12     | Found a shimmering altar of Xom.
 11374 | D:12     | Found a shimmering altar of Xom.
 11375 | D:12     | Found a shimmering altar of Xom.
 11375 | D:12     | Found a shimmering altar of Xom.
 11375 | D:12     | Found a shimmering altar of Xom.
 11376 | D:12     | Found a shimmering altar of Xom.
 11552 | D:12     | Gained mutation: You cannot train Dodging skill. [Ru sacrifice]
 11552 | D:12     | Reached *** piety under Ru
 11552 | D:12     | Reached **** piety under Ru
 11782 | D:13     | Reached skill level 10 in Fighting
 12129 | D:13     | Found a gate to the Vaults.
 12129 | D:13     | Noticed a vault guard
 12129 | D:13     | Noticed a vault guard
 12129 | D:13     | Noticed a vault guard
 12129 | D:13     | Noticed a centaur warrior
 12130 | D:13     | Noticed a vault guard
 12134 | D:13     | Killed a centaur warrior
 12138 | D:13     | Killed a vault guard
 12138 | D:13     | Reached XP level 13. HP: 50/83 MP: 5/11
 12143 | D:13     | Killed a vault guard
 12147 | D:13     | Killed a vault guard
 12149 | D:13     | Killed a vault guard
 12771 | D:14     | HP: 3/84 [acid (10)]
 13341 | D:14     | Noticed a salamander stormcaller
 13352 | D:14     | Killed a salamander stormcaller
 13356 | D:14     | Gained mutation: Your casting is slightly disrupted. [Ru sacrifice]
 13375 | D:14     | Found Panta's Food Shoppe.
 13650 | D:14     | Got a wavering granite ring
 13791 | D:14     | Identified the ring of Vehumet's Pride {SustAt Int+4 Slay+3} (You found it on level 14 of the Dungeon)
 13917 | D:15     | Entered Level 15 of the Dungeon
 14864 | D:15     | Gained mutation: Your large and strong wings let you fly indefinitely. [Gargoyle growth]
 14864 | D:15     | Reached XP level 14. HP: 92/92 MP: 12/12
 15078 | D:15     | Killed from afar by an ice dragon

Skill      XL: |  1  2  3  4  5  6  7  8  9 10 11 12 13 14 |
---------------+-------------------------------------------+-----
Shields        | 4 5 6 7 8 10 11 12 | 12.0
Axes           | 2 3 4 6 8 9 11 12 | 12.6
Armour         | 4 5 6 7 8 |  8.5
Dodging        | 1 2 3 5 6 7 8 0 |  0.0
Fighting       | 4 5 6 7 9 10 12 | 12.2
Stealth        | 1 2 |  2.4
Evocations     | |  0.3

Action                   |  1- 3 |  4- 6 |  7- 9 | 10-12 | 13-15 || total
-------------------------+-------+-------+-------+-------+-------++-------
Melee: War axe           |   101 |   223 |   325 |       |       ||   649
       Battleaxe         |       |       |   179 |   135 |       ||   314
       Broad axe         |       |       |       |   537 |   255 ||   792
Invok: Sacrifice Arcana  |       |       |     1 |       |       ||     1
       Sacrifice Love    |       |       |       |     1 |       ||     1
       Sacrifice Essence |       |       |       |     1 |     1 ||     2
       Power Leap        |       |       |       |     1 |     2 ||     3
       Sacrifice Nimblen |       |       |       |     1 |       ||     1
 Abil: Fly               |       |       |       |       |     1 ||     1
Evoke: Wand              |       |     2 |       |       |     3 ||     5
  Use: Scroll            |     6 |     8 |     9 |     4 |     3 ||    30
       Potion            |       |     2 |     6 |     7 |     1 ||    16
 Stab: Paralysed         |       |       |       |       |     1 ||     1
  Eat: Chunk             |     1 |     7 |     8 |    11 |     1 ||    28
       Fruit             |       |       |     2 |     1 |       ||     3
       Meat ration       |       |       |     1 |       |       ||     1
       Bread ration      |       |       |       |     3 |     2 ||     5
       Pizza             |       |       |       |       |     2 ||     2
Armor: Scale mail        |    73 |     2 |       |       |       ||    75
       Quicksilver drago |       |   139 |   313 |   220 |       ||   672
       Chain mail        |       |       |       |   161 |   144 ||   305
Dodge: Dodged            |    34 |   100 |   455 |   455 |    42 ||  1086
Block: Shield            |    57 |   127 |   267 |   362 |   131 ||   944
